 Dungeon Crawl Stone Soup version 0.31-a0-691-g409c26aa35 (webtiles) character file.

Game seed: 7830224261774205160

240 Ge0ff the Changeling (level 5, -10/41 HPs)
             Began as a Demigod Shapeshifter on Sept 6, 2023.
             Mangled by a yak (14 damage)
             ... on level 7 of the Dungeon.
             The game lasted 00:05:39 (2947 turns).

Ge0ff the Changeling (Demigod Shapeshifter)         Turns: 2947, Time: 00:05:40

Health: -10/41     AC:  5    Str: 15    XL:     5   Next: 50%
Magic:  8/8        EV: 16    Int: 16    God:
Gold:   283        SH:  0    Dex: 13    Spells: 4/4 levels left

rFire   . . .        a - +1 dagger (venom)
rCold   . . .        (no shield)
rNeg    . . .        R - +0 ring mail
rPois   .            (helmet currently unavailable)
rElec   .            (cloak currently unavailable)
rCorr   .            (gloves currently unavailable)
SInv    .            (boots currently unavailable)
Will    .....        (no amulet)
Stlth   +            W - +5 ring of evasion
HPRegen 0.26/turn    (no ring)
MPRegen 0.11/turn

%: no passive effects
@: beast-form
A: beast (slay +2), high MP 1, forlorn, divine attributes
a: Begin Untransformation


You were on level 7 of the Dungeon.
You were a hulking beast.
You visited 1 branch of the dungeon, and saw 5 of its levels.

You collected 283 gold pieces.

Inventory:

Hand Weapons
 a - a +1 dagger of venom (weapon)
 Z - a +1 dagger of venom
Missiles
 O - 51 stones (quivered)
 Y - a boomerang
Armour
 M - a +0 animal skin
 R - a +0 ring mail (worn)
Jewellery
 W - a +5 ring of evasion (left hand)
Talismans
 c - a beast talisman (active)
 d - a flux talisman
Scrolls
 P - a scroll of brand weapon
 T - 3 scrolls of teleportation
 U - 2 scrolls of enchant armour
Potions
 A - 2 potions of attraction
 L - a potion of lignification
 X - a potion of might {unknown}


   Skills:
 - Level 2.0 Fighting
 - Level 3.0 Short Blades
 - Level 1.7 Dodging
 - Level 3.0 Unarmed Combat
 + Level 0.3 Spellcasting
 - Level 4.1 Shapeshifting


You had 4 spell levels left.
You didn't know any spells.
Your spell library contained the following spells:

 Spells                   Type           Power      Damage    Failure   Level
 Magic Dart               Conj           0%         1d3       45%         1
 Shock                    Conj/Air       0%         1d3       45%         1
 Call Imp                 Summ           0%         N/A       58%         2
 Ensorcelled Hibernation  Hex/Ice        0%         N/A       58%         2
 Passwall                 Tmut/Erth      0%         N/A       58%         2
 Sublimation of Blood     Necr           0%         N/A       58%         2
 Mephitic Cloud           Conj/Pois/Air  0%         N/A       83%         3
 Summon Guardian Golem    Hex/Summ       0%         N/A       83%         3
 Swiftness                Air            0%         N/A       83%         3
 Airstrike                Air            0%         2d(0-16)  99%         4
 Petrify                  Tmut/Erth      0%         N/A       99%         4
 Irradiate                Conj/Tmut      0%         3d11      100%        5
 Orb of Destruction       Conj           0%         9d5       100%        7
 Spellforged Servitor     Conj/Summ      0%         N/A       100%        7


Dungeon Overview and Level Annotations

Branches:
Dungeon (4/15) Zot: 26945
 Temple: D:4-7

Shops:
D:3 :


Innate Abilities, Weirdness & Mutations

You are a hulking beast.
Your limbs bulge with bestial killing power. (Slay +2)
You have an increased reservoir of magic. (+10% MP)
You shall have no god before yourself.
Your divine heritage dramatically boosts your attributes as you level up.


Message History

A malevolent force fills the Dungeon...
You fall into a shaft and drop 3 floors!
The shaft crumbles and collapses.
Found a book of Alchemy and a leather armour.
Found a basalt altar of Yredelemnul.
Found a robe.
Found an opulent altar of Gozag.
You pick up a book of Alchemy and begin reading...
You add the spells Sublimation of Blood, Petrify and Irradiate to your library.
Shopping list: removing a book of Alchemy on D:3
Okay, then.
Found 15 gold pieces.
A shadow imp comes into view.
The shadow imp shouts, "Flee, thou puny spur-galled pumpion!"
You see here 15 gold pieces.
You hit the shadow imp.
The shadow imp is lightly wounded.
You hit the shadow imp.
The shadow imp is poisoned.
The shadow imp is severely wounded.
You kill the shadow imp!
You now have enough gold to buy a book of Frost on D:3.
You can access your shopping list by pressing '$'.
You now have 283 gold pieces (gained 15).
You are a hulking beast.
Your movement speed is average.
Your attack delay is about 0.8.
Your damage rating with your +1 dagger of venom is about 7 (Base 4 x 107% (Dex) x 109% (Skill) + 3 (Ench + Slay)).
Magic restored.
Found a stone staircase leading up.
A jelly and 2 yaks come into view.
The yak bellows! x2
A yak comes into view.
Stop for All is ON
Found a stone staircase leading down.
You hit the jelly.
Your hands burn!
The jelly is lightly wounded.
The jelly hits you.
You are splashed with acid!
You hit the jelly.
Your hands burn!
The jelly is moderately wounded.
The jelly hits you.
You are splashed with acid!
* * * LOW HITPOINT WARNING * * *
As you read the scroll of fear, it crumbles to dust.
You assume a fearsome visage.
The jelly looks frightened!
The yak looks frightened! x2
The yak bellows!
A yak comes into view.
The yak bellows!
The yak gores you!
* * * LOW HITPOINT WARNING * * *
There is a stone staircase leading up, spattered with blood here.
The yak gores you!
You die...

#.#..#..## .
####.#....## #.#
##.......###
##...###.......##
#..#...........#
.....##.........#
#..........#Y#
#..##.YY..##...
#....h.....###..
#...##.........
..Y ..
#.......### ..
ยง. #......## .
#.#...## .. ####
##


You could see 2 yaks.

Vanquished Creatures
  A hound (D:4)
  An orc priest (D:4)
  2 orc wizards (D:4)
  3 adders
  A shadow imp (D:7)
  A worm (D:4)
  6 dart slugs
  7 orcs
  4 ball pythons
  8 bats
  4 endoplasms
  4 giant cockroaches
  6 hobgoblins
  11 kobolds
  2 quokkas
  5 frilled lizards
  7 goblins
  5 rats
78 creatures vanquished.

Notes
Turn   | Place    | Note
-------+----------+-------------------------------------------
     0 | D:1      | Ge0ff the Demigod Shapeshifter began the quest for the Orb.
     0 | D:1      | Reached XP level 1. HP: 15/15 MP: 3/3
    70 | D:1      | Reached skill level 1 in Fighting
   152 | D:1      | Reached XP level 2. HP: 23/23 MP: 4/4
   546 | D:1      | Reached skill level 3 in Shapeshifting
   992 | D:2      | Reached XP level 3. HP: 28/29 MP: 5/5
  1208 | D:2      | Reached skill level 1 in Short Blades
  1951 | D:3      | Found Bekacsal's Book Shop.
  1990 | D:3      | Reached XP level 4. HP: 36/36 MP: 6/6
  2578 | D:4      | Reached XP level 5. HP: 41/41 MP: 7/7
  2781 | D:4      | Reached skill level 4 in Shapeshifting
  2893 | D:4      | You fall into a shaft and drop 3 floors!
  2894 | D:7      | Noticed an ice beast
  2929 | D:7      | Noticed a yak
  2929 | D:7      | Noticed a yak
  2931 | D:7      | Noticed a yak
  2939 | D:7      | Noticed a yak
  2947 | D:7      | Mangled by a yak

Illustrated notes

Levels and vault maps discovered:
D:1:      evilmike_arrival_hilbert_curve, layout_basic
D:2:      layout_loops_ring, hellmonk_ecumenical_altar_inner_sanctum
D:3:      layout_rooms, serial_shops,
          nicolae_shop_temple_entry_statues_fountains,
          dreamdust_princess_corridor
D:4:      layout_cave_pools, amcnicky_altar_gilded
D:7:      layout_rooms, nicolae_qazlal_scattered_showers,
          mainiacjoe_overflow_catwalk_spiral

Skill      XL: |  1  2  3  4  5 |
---------------+----------------+-----
Fighting       | 1 2 |  2.0
Unarmed Combat | 3 |  3.0
Shapeshifting  | 3 4 |  4.1
Short Blades   | 1 2 3 |  3.0
Dodging        | |  1.7
Spellcasting   | |  0.3

Action                     |  1- 3 |  4- 6 || total
---------------------------+-------+-------++-------
  Melee: Unarmed           |    23 |       ||    23
         Dagger            |   108 |    82 ||   190
         Punch             |     2 |     2 ||     4
  Throw: Stone             |     2 |     3 ||     5
    Use: Scroll            |       |     7 ||     7
   Stab: Sleeping          |     2 |       ||     2
 Armour: Animal skin       |    25 |       ||    25
         Ring mail         |    25 |    29 ||    54
  Dodge: Dodged            |    75 |    38 ||   113

Table legend: (Time is in decaauts)
 A = Elapsed time spent in this place.
 B = Non-inter-level travel time spent in this place.
 C = Inter-level travel time spent in this place.
 D = Time resting spent in this place.
 E = Time spent auto-exploring this place.
 F = Levels seen in this place.
 G = Mean time per level.
                   A        B        C        D        E       F      G
               +--------+--------+--------+--------+--------+-----+--------+
         Total |   2931 |   2864 |     67 |      0 |   2151 |   5 |  586.2 |
       Dungeon |   2931 |   2864 |     67 |      0 |   2151 |   5 |  586.2 |
               +--------+--------+--------+--------+--------+-----+--------+

Top non-repeatable levels by time:
     D:1: 968 daAuts
     D:2: 860 daAuts
     D:3: 528 daAuts
     D:4: 522 daAuts
     D:7: 53 daAuts
